 Dungeon Crawl Stone Soup version 0.31-a0-18-gea43df2a32 (webtiles) character file.

Game seed: 2958558252722142598

2656 funkygono the Cleaver (level 9, 0/75 (79) HPs)
             Began as a Minotaur Fighter on May 9, 2023.
             Was an Initiate of Okawaru.
             Slain by a wight
             ... wielding a +3 halberd
              (6 damage)
             ... on level 7 of the Dungeon.
             The game lasted 00:06:38 (6166 turns).

funkygono the Cleaver (Minotaur Fighter)            Turns: 6166, Time: 00:06:39

HP:   0/75 (79)     AC: 12    Str: 24    XL:     9   Next: 36%
MP:   8/8           EV:  9    Int:  5    God:    Okawaru [......]
Gold: 508           SH:  5    Dex: 11    Spells: 8/8 levels left

rFire   . . .        a - +0 war axe
rCold   . . .        c - +0 buckler
rNeg    . . .        j - +0 chain mail
rPois   .            (helmet restricted)
rElec   .            n - +0 cloak
rCorr   .            (no gloves)
SInv    +            (no boots)
Will    .....        (no amulet) Stlth
                     B - ring of see invisible
HPRegen 0.32/turn    (no ring)
MPRegen 0.11/turn

%: no passive effects
@: mighty, drained
A: horns 2, retaliatory headbutt
a: Renounce Religion


You were on level 7 of the Dungeon.
You worshipped Okawaru.
Okawaru was noncommittal.
You visited 2 branches of the dungeon, and saw 8 of its levels.

You collected 508 gold pieces.

Inventory:

Hand Weapons
 a - a +0 war axe (weapon)
Armour
 c - a +0 buckler (worn)
 j - a +0 chain mail (worn)
 n - a +0 cloak (worn)
Jewellery
 t - a ring of ice
 B - a ring of see invisible (left hand)
Wands
 m - a wand of quicksilver (7)
 q - a wand of flame (9)
Scrolls
 e - 2 scrolls of enchant armour {unknown}
 g - 3 scrolls of poison {unknown}
 i - 7 scrolls of identify {unknown}
 k - 3 scrolls of amnesia {unknown}
 l - a scroll of teleportation {unknown}
 o - 2 scrolls of fog {unknown}
 p - 2 scrolls of immolation {unknown}
 s - 3 scrolls of vulnerability {unknown}
 y - a scroll of acquirement {unknown}
 z - a scroll of magic mapping {unknown}
Potions
 b - 3 potions of lignification {unknown}
 d - a potion of might
 f - 6 potions of curing {unknown}
 h - 3 potions of ambrosia {unknown}
 r - a potion of flight {unknown}
 u - 2 potions of brilliance {unknown}
 v - 2 potions of magic {unknown}
 w - 2 potions of mutation {unknown}
 x - a potion of invisibility {unknown}
 A - 2 potions of heal wounds {unknown}
 C - a potion of berserk rage {unknown}
 D - a potion of attraction {unknown}


   Skills:
 + Level 7.5 Fighting
 + Level 10.0 Axes
 + Level 8.7 Armour
 + Level 3.1 Dodging
 + Level 0.5 Stealth
 + Level 5.7 Shields


You had 8 spell levels left.
You didn't know any spells.
Your spell library contained the following spells:

 Spells                   Type           Power      Damage    Failure   Level
 Freeze                   Ice            0%         1d3       96%         1
 Magic Dart               Conj           0%         1d3       96%         1
 Shock                    Conj/Air       0%         1d3       96%         1
 Searing Ray              Conj           0%         2d4       99%         2
 Frozen Ramparts          Ice            0%         1d1       100%        3
 Hailstorm                Conj/Ice       0%         3d3       100%        3
 Inner Flame              Hex/Fire       0%         N/A       100%        3
 Swiftness                Air            0%         N/A       100%        3
 Airstrike                Air            0%         2d(0-16)  100%        4
 Fulminant Prism          Conj/Hex       0%         3d5       100%        4
 Olgreb's Toxic Radiance  Pois           0%         N/A       100%        4
 Yara's Violent Unravell  Hex/Tmut       0%         3d3       100%        5
 Enfeeble                 Hex            0%         N/A       100%        7
 Discord                  Hex            0%         N/A       100%        8
 Ignition                 Fire           0%         3d3       100%        8


Dungeon Overview and Level Annotations

Branches:
Dungeon (7/15)             Temple (1/1) D:6

Altars:
Ashenzari
Cheibriados
Dithmenos
Elyvilon
Fedhas
Gozag
Hepliaklqana
Kikubaaqudgha
Makhleb
Nemelex Xobeh
Okawaru
Qazlal
Ru
Sif Muna
Trog
Uskayaw
Vehumet
Wu Jian
Yredelemnul
Zin
The Shining One

Shops:
D:4 :


Innate Abilities, Weirdness & Mutations

You have a pair of horns on your head.
You reflexively headbutt those who attack you in melee.


Message History

You barely miss the wight.
A wight comes into view.
It is wielding a +0 scimitar of electrocution.
The wight hits you but does no damage.
You hit the wight.
The wight is heavily damaged.
The wight hits you with a +4 falchion!
You feel drained.
You barely miss the wight.
The wight is heavily damaged.
The wight closely misses you. You furiously retaliate!
You headbutt the wight!
You destroy the wight!
Okawaru accepts your kill.
Things that are here:
a +4 falchion; a +0 robe The wight hits you with a +0 scimitar of electrocution!
You feel drained.
A wight comes into view. It is wielding a +3 halberd.
The wight barely misses you.
The wight hits you with a +0 scimitar of electrocution.
You are electrocuted!!
The wight hits you but does no damage.
You hit the wight.
You headbutt the wight, but do no damage.
The wight is lightly damaged.
The wight hits you with a +0 scimitar of electrocution!
* * * LOW HITPOINT WARNING * * *
The wight hits you from afar with a +3 halberd.
* * * LOW HITPOINT WARNING * * *
You feel drained.
* * * LOW HITPOINT WARNING * * *
Found a stone staircase leading up.
The wight hits you but does no damage. x2
You hit the wight. Your headbutt misses the wight.
The wight is lightly damaged.
You barely miss the wight.
The wight hits you with a +0 scimitar of electrocution.
* * * LOW HITPOINT WARNING * * *
The wight hits you with a +3 halberd!
* * * LOW HITPOINT WARNING * * *
You feel very mighty all of a sudden. The wight closely misses you.
You furiously retaliate!
You headbutt the wight! The wight hits you with a +3 halberd.
You die...

#.≈≈ ≈≈# ≈≈
#.≈≈#+#≈≈#+#≈≈#
#..≈≈≈≈≈≈≈≈≈≈.#
#..≈≈≈≈≈≈≈≈..#
#.$......[..#
##...........#
#............+ ######
#(...........# #....#
#.#...z@.....# #....#
#.#...#.z....#
###....###.#...#.......<
.......'.....)..........
###....###.......#.#.###
#....# #######...#...
#....# #.### ##. #....#
#.. ###### ##


You could see 2 wights.

Vanquished Creatures
  A two-headed ogre (D:6)
  The ghost of alfthe the Chopper, a novice HOFi (D:5)
  Sigmund (D:3)
  Edmund (D:4)
  A water moccasin (D:5)
  An orc warrior (D:6)
  2 black bears
  3 ogres
  A centaur (D:7)
  A scorpion (D:5)
  A wight (D:7)
  2 hounds (D:5)
  2 jellies (D:4)
  An orc priest (D:6)
  2 sleepcaps
  Crazy Yiuf (D:2)
  Ijyb (D:3)
  Natasha (thrice) (D:3)
  2 iguanas
  2 orc wizards (D:6)
  Terence (D:2)
  Robin (D:3)
  10 adders
  A shadow imp (D:5)
  A white imp (D:5)
  An ufetubus (D:6)
  4 dart slugs
  11 orcs
  6 ball pythons
  11 endoplasms
  6 giant cockroaches
  15 goblins
  6 hobgoblins
  3 quokkas
  5 bats
  3 frilled lizards
  8 kobolds
  5 rats
128 creatures vanquished.

Vanquished Creatures (others)
  An orc (D:3)
1 creature vanquished.

Grand Total: 129 creatures vanquished

Notes
Turn   | Place    | Note
-------+----------+-------------------------------------------
     0 | D:1      | funkygono the Minotaur Fighter began the quest for the Orb.
     0 | D:1      | Reached XP level 1. HP: 19/19 MP: 0/0
    87 | D:1      | Reached XP level 2. HP: 27/27 MP: 1/1
   124 | D:1      | Found a faded altar of an unknown god.
   618 | D:1      | You fall into a shaft and drop 1 floor!
   694 | D:2      | Reached XP level 3. HP: 33/33 MP: 2/2
   952 | D:2      | Noticed Terence
   974 | D:2      | Killed Terence
   975 | D:2      | Reached skill level 3 in Axes
  1194 | D:2      | Reached XP level 4. HP: 37/40 MP: 3/3
  1435 | D:2      | Found a runed translucent door.
  1436 | D:2      | Noticed Crazy Yiuf
  1628 | D:2      | Killed Crazy Yiuf
  1629 | D:2      | Reached skill level 5 in Armour
  1779 | D:3      | Noticed Robin
  1785 | D:3      | Killed Robin
  1786 | D:3      | Reached skill level 1 in Dodging
  1786 | D:3      | Reached XP level 5. HP: 46/46 MP: 4/4
  1796 | D:3      | Reached skill level 4 in Axes
  1827 | D:3      | Noticed Sigmund
  1842 | D:3      | Killed Sigmund
  1843 | D:3      | Reached skill level 5 in Axes
  1843 | D:3      | Reached XP level 6. HP: 38/53 MP: 5/5
  1972 | D:3      | Noticed Natasha
  1979 | D:3      | Killed Natasha
  1980 | D:3      | Reached skill level 5 in Fighting
  1992 | D:3      | Noticed Natasha
  1996 | D:3      | Killed Natasha
  2136 | D:3      | Noticed Ijyb
  2144 | D:3      | Killed Ijyb
  2333 | D:3      | Noticed Natasha
  2345 | D:3      | Killed Natasha
  2845 | D:4      | Noticed Edmund
  2857 | D:4      | Killed Edmund
  2858 | D:4      | Reached XP level 7. HP: 25/62 MP: 6/6
  3211 | D:4      | Reached skill level 6 in Axes
  3305 | D:4      | Found Gees's Book Emporium.
  3625 | D:5      | Entered Level 5 of the Dungeon
  3967 | D:5      | Reached skill level 7 in Axes
  4112 | D:5      | Reached XP level 8. HP: 70/70 MP: 7/7
  4148 | D:5      | Found a runed translucent door.
  4224 | D:5      | Noticed alfthe's ghost (novice HOFi)
  4723 | D:5      | Killed alfthe's ghost
  4724 | D:5      | Reached skill level 8 in Axes
  4953 | D:6      | Reached skill level 5 in Shields
  4998 | D:6      | Noticed a two-headed ogre
  5007 | D:6      | Reached skill level 9 in Axes
  5013 | D:6      | Killed a two-headed ogre
  5014 | D:6      | Reached XP level 9. HP: 37/79 MP: 8/8
  5155 | D:6      | Found a staircase to the Ecumenical Temple.
  5167 | Temple   | Entered the Ecumenical Temple
  5175 | Temple   | Became a worshipper of Warmaster Okawaru
  5940 | D:7      | Reached skill level 10 in Axes
  6166 | D:7      | Slain by a wight

Illustrated notes

Levels and vault maps discovered:
D:1:      dpeg_arrival_arbitrary_b, layout_basic,
          shapermc_ecumenical_altar_ellora
D:2:      layout_rooms, uniq_crazy_yiuf_cottage, uniq_terence
D:3:      layout_basic, uniq_ijyb, uniq_sigmund, uniq_robin, uniq_natasha
D:4:      layout_loops_cross, serial_shops, kennysheep_mini_moat, uniq_edmund
D:5:      layout_gridville, ebering_ghost_sewer_d
D:6:      layout_basic, minmay_temple_entry_slanted
D:7:      layout_basic, water_boxes_lemuel
Temple:   compressed_dpeg_triangle_lava_temple

Skill      XL: |  1  2  3  4  5  6  7  8  9 |
---------------+----------------------------+-----
Shields        | 4 5 |  5.7
Armour         | 4 5 6 7 8 |  8.7
Fighting       | 4 5 6 7 |  7.5
Axes           | 3 5 7 9 10 | 10.0
Dodging        | 1 2 3 |  3.1
Stealth        | |  0.5

Action                     |  1- 3 |  4- 6 |  7- 9 || total
---------------------------+-------+-------+-------++-------
  Melee: War axe           |    70 |    97 |   163 ||   330
         Headbutt          |     9 |    14 |    38 ||    61
    Use: Potion            |       |       |     2 ||     2
 Armour: Scale mail        |    18 |       |       ||    18
         Chain mail        |    12 |    50 |   106 ||   168
  Dodge: Dodged            |    40 |    43 |    85 ||   168
  Block: Buckler           |    12 |    11 |    38 ||    61

Table legend: (Time is in decaauts)
 A = Elapsed time spent in this place.
 B = Non-inter-level travel time spent in this place.
 C = Inter-level travel time spent in this place.
 D = Time resting spent in this place.
 E = Time spent auto-exploring this place.
 F = Levels seen in this place.
 G = Mean time per level.
                   A        B        C        D        E       F      G
               +--------+--------+--------+--------+--------+-----+--------+
         Total |   6248 |   6048 |    200 |      0 |   5067 |   8 |  781.0 |
       Dungeon |   5891 |   5705 |    186 |      0 |   4741 |   7 |  841.6 |
        Temple |    357 |    343 |     14 |      0 |    326 |   1 |  357.0 |
               +--------+--------+--------+--------+--------+-----+--------+

Top non-repeatable levels by time:
     D:5: 1296 daAuts
     D:3: 1084 daAuts
     D:2: 954 daAuts
     D:1: 842 daAuts
     D:4: 807 daAuts
     D:6: 620 daAuts
  Temple: 357 daAuts
     D:7: 284 daAuts
